 Dungeon Crawl Stone Soup version 0.24-a0-725-gf1a930fc54 (webtiles) character file.

Game seed: 5852561916566023820, levelgen mode: deterministic

8458 MalarOregon the Archer (level 11, 0/92 (94) HPs)
             Began as a Red Draconian Hunter on Oct 1, 2019.
             Was an Elder of Okawaru.
             Slain by a blink frog (16 damage)
             ... on level 1 of the Lair of Beasts.
             The game lasted 00:20:57 (12894 turns).

MalarOregon the Archer (Red Draconian Hunter)      Turns: 12894, Time: 00:20:58

HP:   0/92 (94)     AC: 10    Str: 15    XL:     11   Next: 10%
MP:   11/11         EV: 15    Int: 14    God:    Okawaru [****..]
Gold: 8             SH:  0    Dex: 12    Spells: 9/10 levels left

rFire    + . .     SeeInvis .   m - +0 hunting sling
rCold    . . .     Gourm    .   (no shield)
rNeg     . . .     Faith    .   (armour unavailable)
rPois    .         Spirit   .   (helmet restricted)
rElec    .         Reflect  .   h - +0 cloak
rCorr    .         Harm     .   l - +0 pair of gloves
MR       .....                  r - +0 pair of boots
Stlth    +++.......             (no amulet)
HPRegen  0.25/turn              (no ring)
MPRegen  0.12/turn              (no ring)

@: short of breath
A: breathe fire, unfitting armour, fire resistance 1, cold-blooded, AC +7
a: Breathe Fire, Heroism, Renounce Religion


You were on level 1 of the Lair of Beasts.
You worshipped Okawaru.
Okawaru was greatly pleased with you.
You were hungry.

You visited 3 branches of the dungeon, and saw 12 of its levels.

You collected 544 gold pieces.
You spent 536 gold pieces at shops.

Inventory:

Hand Weapons
 a - a +1 shortbow
 b - a +0 short sword
 m - a +0 hunting sling (weapon)
   (You took it off a goblin on level 3 of the Dungeon)
 H - a +0 short sword of protection
   (You took it off an orc on level 6 of the Dungeon)
Missiles
 u - 185 stones
 C - 30 bolts
 M - 47 sling bullets (quivered)
Armour
 h - a +0 cloak (worn)
   (You found it on level 1 of the Dungeon)
 l - a +0 pair of gloves (worn)
   (You found it on level 2 of the Dungeon)
 r - a +0 pair of boots (worn)
   (You found it on level 3 of the Dungeon)
Jewellery
 g - an uncursed ring of protection from cold {unknown}
   (You found it on level 1 of the Dungeon)
 w - an uncursed ring of flight {unknown}
   (You found it on level 4 of the Dungeon)
 y - an uncursed ring of ice {unknown}
   (You found it on level 4 of the Dungeon)
 O - an uncursed ring of protection from magic {unknown}
   (You found it on level 9 of the Dungeon)
 P - an uncursed amulet of rage {unknown}
   (You found it on level 9 of the Dungeon)
 Q - a +3 amulet of reflection {unknown}
   (You found it on level 10 of the Dungeon)
 T - an uncursed amulet of guardian spirit {unknown}
   (You bought it in a shop on level 9 of the Dungeon)
 V - an uncursed ring of stealth {unknown}
   (You found it on level 1 of the Lair of Beasts)
 W - an uncursed ring of fire {unknown}
   (You found it on level 1 of the Lair of Beasts)
Wands
 d - a wand of iceblast (17)
   (You found it on level 4 of the Dungeon)
 t - a wand of flame (33)
   (You found it on level 7 of the Dungeon)
Scrolls
 c - 2 scrolls of random uselessness {unknown}
 f - a scroll of enchant weapon {unknown}
 i - 3 scrolls of noise {unknown}
 k - 3 scrolls of blinking {unknown}
 n - 17 scrolls of identify {@r1}
 o - 2 scrolls of fog {unknown}
 p - 2 scrolls of magic mapping {unknown}
 q - 5 scrolls of teleportation {@r4}
 s - 8 scrolls of remove curse {unknown}
 x - a scroll of acquirement {unknown}
 A - 6 scrolls of amnesia {unknown}
 E - a scroll of immolation {!r}
 F - a scroll of torment {!r}
 G - 2 scrolls of enchant armour {unknown}
 N - a scroll of brand weapon {unknown}
 X - a scroll of vulnerability {unknown}
Potions
 j - 2 potions of might
 v - a potion of heal wounds {unknown}
 z - a potion of lignification {!q}
 D - 2 potions of magic {unknown}
 I - a potion of curing {unknown}
 J - a potion of resistance {unknown}
 K - 2 potions of haste {unknown}
 L - a potion of berserk rage
 R - a potion of cancellation {unknown}
 S - 2 potions of mutation {unknown}
 U - a potion of flight {unknown}
 Y - a potion of brilliance
Comestibles
 e - 11 rations {!d}


   Skills:
 + Level 8.2 Fighting
 + Level 6.8 Short Blades
 * Level 10.0 Bows
 + Level 6.5 Dodging
 + Level 7.2 Stealth


You had 9 spell levels left.
You knew the following spells:

 Your Spells              Type           Power        Failure   Level  Hunger
a - Confusing Touch       Hex            #.....       28%         1    ##.....

Your spell library contained the following spells:

 Spells                   Type           Power        Failure   Level  Hunger
 Infusion                 Chrm           #...         28%         1    ##.....
 Magic Dart               Conj           #...         28%         1    ##.....
 Shroud of Golubria       Chrm/Tloc      #.....       41%         2    ###....
 Swiftness                Chrm/Air       #.......     41%         2    ###....
 Confuse                  Hex            #.......     65%         3    ####...
 Gell's Gravitas          Tloc           #.........   65%         3    ####...
 Regeneration             Chrm/Necr      #.........   65%         3    ####...
 Petrify                  Tmut/Erth      #.......     96%         4    #####..
 Excruciating Wounds      Chrm/Necr      #.........   100%        5    ######.
 Metabolic Englaciation   Hex/Ice        #.........   100%        5    ######.
 Yara's Violent Unravell  Hex/Tmut       #.........   100%        5    ######.
 Ring of Flames           Chrm/Fire      #.........   100%        7    #######


Dungeon Overview and Level Annotations

Branches:
Dungeon (10/15)            Temple (1/1) D:6            Lair (1/6) D:10
    Orc: D:9-12

Altars:
Ashenzari
Cheibriados
Dithmenos
Elyvilon
Fedhas
Gozag
Hepliaklqana
Kikubaaqudgha
Makhleb
Nemelex Xobeh
Okawaru
Qazlal
Ru
Sif Muna
Trog
Uskayaw
Vehumet
Wu Jian
Xom
Yredelemnul
Zin
The Shining One

Shops:
D:6 ?   D:9 *


Innate Abilities, Weirdness & Mutations

You can breathe blasts of fire.
Your fiery red scales are hard. (AC +7)
You cannot fit into any form of body armour.
Your flesh is heat resistant. (rF+)
You are cold-blooded and may be slowed by cold attacks.


Message History

The blink frog blinks!
The blink frog barely misses you.
Firing (i - inventory. (/) - cycle)
M - 51 sling bullets (quivered)
Aim: a blink frog (translocational energy, heavily wounded)
You shoot a sling bullet.
The sling bullet barely misses the blink frog.
The sling bullet hits the blink frog.
The blink frog blinks!
Firing (i - inventory. (/) - cycle)
M - 50 sling bullets (quivered)
Aim: a blink frog (heavily wounded)
You shoot a sling bullet.
The sling bullet barely misses the blink frog.
The sling bullet hits the blink frog!
The blink frog hits you but does no damage.
The blink frog blinks!
The blink frog hits you!
* * * LOW HITPOINT WARNING * * *
Aim: a blink frog (lightly wounded)
You breathe a blast of fire.
The fiery breath misses the blink frog.
The fiery breath hits the blink frog!
You kill the blink frog!
Okawaru accepts your kill.
Your Bows skill increases to level 10!
You feel somewhat more hungry. The blink frog hits you!
* * * LOW HITPOINT WARNING * * *
The blink frog blinks!
The blink frog misses you.
Firing (i - inventory. (/) - cycle)
M - 49 sling bullets (quivered)
Aim: a blink frog (lightly wounded)
You shoot a sling bullet.
The sling bullet closely misses the blink frog.
The blink frog closely misses you. The blink frog misses you.
The blink frog barely misses you.
Firing (i - inventory. (/) - cycle)
M - 48 sling bullets (quivered)
Aim: a blink frog (lightly wounded)
You shoot a sling bullet. The bullfrog croaks.
The sling bullet hits the blink frog.
The blink frog completely misses you.
The blink frog blinks!
The blink frog hits you!!
* * * LOW HITPOINT WARNING * * *
The blink frog blinks!
You see here a sling bullet.
The blink frog hits you but does no damage.
You see here a sling bullet.
The blink frog closely misses you.
You see here an arrow.
The blink frog blinks!
The blink frog hits you but does no damage.
The blink frog hits you but does no damage.
The blink frog closely misses you. The blink frog hits you.
* * * LOW HITPOINT WARNING * * *
The blink frog blinks!
The blink frog hits you!
You die...

... #.# .P. .##... .. ...
.. ...# . P.. #.###.. #.#
...### #..# #.P#..# #.##
...#. #P..###..#..# ##..#
#...# ..[.#...((#
###...####.... .
#.....(..(####.......#....#
..##
#F....F.@.##.[...........
.....
##.#...§F..........###...
...§.# ##..(P##..#.#...#.##
##..
(.....##.(#####..##...####
#.. .(.(...((.# ##.#.....##
##.# (..(.((..## ##.##....#
#..# (..((###.## #.##...##
##.## (.........###
###P..## #.###
...##PP#....# ##.## ### #


You could see 2 blink frogs and a bullfrog.

Vanquished Creatures
  2 two-headed ogres
  An unseen horror (D:7)
  A gargoyle (D:10)
  2 spiny frogs (Lair:1)
  A komodo dragon (Lair:1)
  Grinder (D:3)
  A blink frog (Lair:1)
  2 hippogriffs
  2 yaks (D:10)
  A hungry ghost (D:9)
  A water moccasin (Lair:1)
  6 porcupines
  Purgy (D:3)
  2 orc warriors
  2 sky beasts
  3 black bears
  3 ice beasts
  5 necrophages
  A phantom (D:4)
  An ogre (D:4)
  A centaur (D:5)
  A crocodile (Lair:1)
  A big kobold (D:8)
  Blork the orc (D:5)
  4 bullfrogs
  A wyvern zombie (D:7)
  A scorpion (D:10)
  3 howler monkeys
  2 crimson imps
  5 hounds
  A centaur skeleton (D:9)
  An orc priest (D:6)
  4 jellies
  2 bullfrog skeletons
  2 iguanas
  4 worker ants
  10 orc wizards
  3 hound skeletons
  A howler monkey zombie (D:3)
  2 worker ant zombies
  3 gnolls (D:2)
  13 adders
  6 shadow imps
  An ooze (D:3)
  4 adder zombies
  An adder skeleton (D:9)
  5 worms
  A dart slug (D:1)
  3 leopard geckos
  34 orcs
  A ball python (D:1)
  3 bats (D:1)
  7 giant cockroaches
  6 goblins
  3 hobgoblins
  17 jackals
  8 kobolds
  3 quokkas
  5 frilled lizards
  A goblin skeleton (D:5)
  2 goblin zombies (D:5)
  A hobgoblin zombie (D:5)
  A jackal zombie (D:6)
  2 kobold skeletons (D:5)
  2 kobold zombies (D:5)
  A leopard gecko skeleton (D:4)
  A leopard gecko zombie (D:8)
  A quokka skeleton (D:5)
  9 rats
  2 fungi (D:10)
236 creatures vanquished.

Vanquished Creatures (others)
  4 fungi
  A plant (D:10)
5 creatures vanquished.

Grand Total: 241 creatures vanquished

Notes
Turn   | Place    | Note
-------+----------+-------------------------------------------
     0 | D:1      | MalarOregon the Draconian Hunter began the quest for the
                  | Orb.
     0 | D:1      | Reached XP level 1. HP: 17/17 MP: 1/1
   107 | D:1      | Reached skill level 1 in Stealth
   214 | D:1      | Reached XP level 2. HP: 25/25 MP: 2/2
  1023 | D:2      | Reached XP level 3. HP: 30/30 MP: 3/3
  1042 | D:2      | Reached skill level 4 in Bows
  1061 | D:2      | Found a faded altar of an unknown god.
  1130 | D:2      | Reached skill level 1 in Short Blades
  1379 | D:2      | Reached XP level 4. HP: 37/37 MP: 4/4
  1958 | D:3      | Learned a level 1 spell: Confusing Touch
  1989 | D:3      | Noticed Grinder
  2010 | D:3      | Paralysed by Grinder for 3 turns
  2016 | D:3      | Killed Grinder
  2016 | D:3      | Reached skill level 5 in Bows
  2016 | D:3      | Reached XP level 5. HP: 38/45 MP: 5/5
  2016 | D:3      | Reached XP level 6. HP: 43/51 MP: 6/6
  2249 | D:3      | Noticed Purgy
  2275 | D:3      | Killed Purgy
  2641 | D:3      | Found a shimmering blue altar of Sif Muna.
  2642 | D:3      | Found an ancient bone altar of Kikubaaqudgha.
  2643 | D:3      | Found a radiant altar of Vehumet.
  2647 | D:3      | Identified Vehumet's Collected Works on Attacks
  2925 | D:4      | Your scales start taking on a fiery red colour.
  2925 | D:4      | Reached XP level 7. HP: 38/59 MP: 7/7
  2925 | D:4      | Gained mutation: Your flesh is heat resistant. (rF+) [Red
                  | Draconian growth]
  3441 | D:4      | Found a hazy altar of Hepliaklqana.
  3942 | D:5      | Entered Level 5 of the Dungeon
  4133 | D:5      | Found a glowing golden altar of the Shining One.
  4241 | D:5      | Reached skill level 6 in Bows
  4729 | D:5      | Reached XP level 8. HP: 49/67 MP: 8/8
  4994 | D:5      | Noticed Blork the orc
  4998 | D:5      | Killed Blork the orc
  5050 | D:5      | Found a stormy altar of Qazlal.
  5234 | D:5      | Reached skill level 5 in Fighting
  5404 | D:5      | Found a blossoming altar of Fedhas.
  5853 | D:5      | Reached skill level 7 in Bows
  6202 | D:6      | Found a staircase to the Ecumenical Temple.
  6209 | D:6      | Found Xoyd's Magic Scroll Shoppe.
  6233 | D:6      | Bought a scroll of immolation for 35 gold pieces
  6233 | D:6      | Bought a scroll of teleportation for 30 gold pieces
  6233 | D:6      | Bought a scroll of identify for 20 gold pieces
  6233 | D:6      | Bought a scroll of identify for 20 gold pieces
  6233 | D:6      | Bought a scroll of torment for 75 gold pieces
  6239 | Temple   | Entered the Ecumenical Temple
  6337 | Temple   | Became a worshipper of Warmaster Okawaru
  6604 | D:6      | Found a basalt altar of Yredelemnul.
  7035 | D:7      | Reached XP level 9. HP: 71/75 MP: 9/9
  7311 | D:7      | Killed an unseen horror
  7311 | D:7      | Reached * piety under Okawaru
  7311 | D:7      | Reached skill level 5 in Stealth
  7863 | D:7      | Found an opulent altar of Gozag.
  7961 | D:8      | Found a sparkling altar of Nemelex Xobeh.
  8057 | D:8      | Reached skill level 5 in Short Blades
  8057 | D:8      | Reached skill level 5 in Dodging
  8206 | D:8      | Noticed a two-headed ogre
  8221 | D:8      | Killed a two-headed ogre
  8221 | D:8      | Reached skill level 8 in Bows
  8969 | D:9      | Reached ** piety under Okawaru
  8969 | D:9      | Reached XP level 10. HP: 48/84 MP: 8/10
  9141 | D:9      | Found a sparkling altar of Nemelex Xobeh.
  9141 | D:9      | Found a shimmering altar of Xom.
  9189 | D:9      | Found Dicytic's Assorted Antiques.
  9192 | D:9      | Noticed a two-headed ogre
  9206 | D:9      | Killed a two-headed ogre
  9206 | D:9      | Reached skill level 9 in Bows
  9236 | D:9      | Bought a scroll labeled DUPHA AHUQEMP for 31 gold pieces
  9236 | D:9      | Bought a metallic inky potion for 27 gold pieces
  9236 | D:9      | Bought a blue potion for 27 gold pieces
  9236 | D:9      | Bought a sapphire potion for 27 gold pieces
  9236 | D:9      | Bought a sapphire potion for 27 gold pieces
  9236 | D:9      | Bought a scroll labeled VUIH BAWAE for 31 gold pieces
  9236 | D:9      | Bought a scroll labeled VUIH BAWAE for 31 gold pieces
  9498 | D:10     | Entered Level 10 of the Dungeon
  9516 | D:10     | Reached *** piety under Okawaru
 10248 | D:10     | Identified the Almanac of Boosts
 10451 | D:10     | Found a staircase to the Lair.
 10654 | D:10     | Noticed a gargoyle
 10664 | D:10     | Killed a gargoyle
 10664 | D:10     | Reached **** piety under Okawaru
 10675 | D:10     | Received a gift from Okawaru
 10806 | D:9      | Bought a small silver amulet for 155 gold pieces
 10970 | Lair:1   | Entered Level 1 of the Lair of Beasts
 11541 | Lair:1   | Noticed a spiny frog
 11559 | Lair:1   | Killed a spiny frog
 11580 | Lair:1   | HP: 6/129 [poisoned by a spiny frog]
 11585 | Lair:1   | HP: 5/129 [poisoned by a spiny frog]
 11587 | Lair:1   | HP: 2/86 [poisoned by a spiny frog]
 11592 | Lair:1   | HP: 2/86 [poisoned by a spiny frog]
 11599 | Lair:1   | HP: 1/86 [poisoned by a spiny frog]
 11607 | Lair:1   | HP: 1/86 [poisoned by a spiny frog]
 12079 | Lair:1   | Reached XP level 11. HP: 58/92 MP: 11/11
 12385 | Lair:1   | HP: 4/92 [poisoned by a spiny frog]
 12390 | Lair:1   | HP: 3/92 [poisoned by a spiny frog]
 12397 | Lair:1   | HP: 3/92 [poisoned by a spiny frog]
 12405 | Lair:1   | HP: 3/92 [poisoned by a spiny frog]
 12884 | Lair:1   | Reached skill level 10 in Bows
 12894 | Lair:1   | Slain by a blink frog

Levels and vault maps discovered:
D:1:      minmay_arrival_three_doors, layout_loops_corners
D:2:      layout_rooms, chequers_ecumenical_altar_simple_redux,
          minmay_worlds_worst_comb
D:3:      layout_loops_corners, grunt_temple_overflow_magic_moments,
          uniq_grinder, uniq_purgy
D:4:      layout_rooms, overflow_temple_1_default, serial_forest,
          infiniplex_forest_diagonal, infiniplex_forest_end_3,
          infiniplex_forest_clump_long, infiniplex_forest_clump_long,
          infiniplex_forest_end_3, infiniplex_forest_split,
          infiniplex_forest_clump_diagonal, infiniplex_forest_lined_3,
          infiniplex_forest_clump_double, chequers_serial_rivers_room_a
D:5:      layout_cave_pods, lemuel_round_altar, lemuel_doored_altar,
          nicolae_tso_besieged_by_evil, first_ration, uniq_blork_the_orc
D:6:      layout_cave_pools, lemuel_round_altar,
          minmay_temple_entry_sparse_star, serial_shops, shop
D:7:      layout_loops_cross, grunt_gozag_breadcrumbs
D:8:      layout_basic, basic_altar
D:9:      layout_roguey, amethyst_overflow_temple_binary, serial_shops,
          nicolae_shop_trees
D:10:     layout_roguey, grunt_lair_entry_orc_guard_hut
Temple:   minmay_temple_curvy_loop
Lair:1:   layout_layer_cave

Skill      XL: |  1  2  3  4  5  6  7  8  9 10 11 |
---------------+----------------------------------+-----
Stealth        | 1 2 3 4 5 7 |  7.2
Dodging        | 2 3 4 5 6 |  6.5
Bows           | 4 5 6 7 8 9 10 | 10.0
Short Blades   | 1 2 3 4 5 6 |  6.8
Fighting       | 3 4 5 6 8 |  8.2

Action                   |  1- 3 |  4- 6 |  7- 9 | 10-12 || total
-------------------------+-------+-------+-------+-------++-------
Melee: Short sword       |       |    32 |    47 |    89 ||   168
       Tailslap          |       |     6 |     4 |    13 ||    23
 Fire: Shortbow          |    92 |    48 |   197 |   268 ||   605
       Hunting sling     |       |   111 |   452 |    61 ||   624
Throw: Stone             |       |     6 |    12 |     8 ||    26
 Cast: Confusing Touch   |       |     2 |     3 |     4 ||     9
 Abil: Breathe Fire      |       |       |    22 |     7 ||    29
  Use: Potion            |       |       |     1 |     2 ||     3
 Stab: Confused          |       |     3 |     2 |     4 ||     9
       Sleeping          |       |       |       |     1 ||     1
  Eat: Chunk             |     1 |     4 |    13 |    10 ||    28
       Ration            |       |       |     3 |     1 ||     4
Armor: Skin              |     9 |    40 |   142 |    64 ||   255
Dodge: Dodged            |    15 |    81 |   302 |   154 ||   552

Table legend:
 A = Non-vault XP
 B = Vault XP
 C = Vault XP percentage of total XP
 D = Non-vault monster count
 E = Vault monster count
 F = Vault count percentage of total count
                 A         B        C        D         E       F
            +---------+---------+-------+---------+---------+-------
      Total |   10659 |    1425 |  11.8 |     212 |      22 |   9.4
            +---------+---------+-------+---------+---------+-------
        D:1 |      30 |       0 |   0.0 |      18 |       0 |   0.0
        D:2 |     117 |       8 |   6.4 |      19 |       4 |  17.4
        D:3 |      62 |     424 |  87.2 |      11 |       2 |  15.4
        D:4 |     422 |       0 |   0.0 |      26 |       0 |   0.0
        D:5 |     829 |     113 |  12.0 |      24 |      10 |  29.4
        D:6 |     717 |       0 |   0.0 |      19 |       0 |   0.0
        D:7 |    1106 |       0 |   0.0 |      28 |       0 |   0.0
        D:8 |    1526 |       0 |   0.0 |      20 |       0 |   0.0
        D:9 |    1664 |       0 |   0.0 |      15 |       0 |   0.0
       D:10 |    1697 |     880 |  34.1 |      20 |       6 |  23.1
     Lair:1 |    2489 |       0 |   0.0 |      12 |       0 |   0.0
            +---------+---------+-------+---------+---------+-------
